 Dungeon Crawl Stone Soup version 0.29.1-15-g9cfb28693d (webtiles) character file.

Game seed: 3868242346467235407

266 protoss039 the Digger (level 6, 0/46 HPs)
             Began as a Demonspawn Earth Elementalist on Mar 9, 2023.
             Slain by Blork the orc
             ... wielding a +0 halberd
              (14 damage)
             ... on level 4 of the Dungeon.
             The game lasted 00:03:56 (3251 turns).

protoss039 the Digger (DsEE)                        Turns: 3251, Time: 00:03:57

Health: 0/46       AC: 10    Str:  9    XL:     6   Next: 0%
Magic:  1/11       EV: 11    Int: 18    God:
Gold:   222        SH:  4    Dex: 13    Spells: 5/11 levels left

rFire   . . .      SeeInvis .   k - +0 spear
rCold   . . .      Faith    .   (no shield)
rNeg    . . .      Spirit   .   o - +0 ring mail
rPois   .          Reflect  .   (no helmet)
rElec   .          Harm     .   (no cloak)
rCorr   +          Rampage  .   (no gloves)
Will    .....                   p - +0 pair of boots
Stlth   +.........              (no amulet)
HPRegen 0.15/turn               c - ring of resist corrosion
MPRegen 0.12/turn               h - +4 ring of protection

@: no status effects
A: sturdy frame 1, condensation shield, weakness stinger 2
a: no special abilities


You were on level 4 of the Dungeon.
You visited 1 branch of the dungeon, and saw 4 of its levels.

You collected 222 gold pieces.

Inventory:

Hand Weapons
 k - a +0 spear (weapon)
Armour
 o - a +0 ring mail (worn)
 p - a +0 pair of boots (worn)
Jewellery
 c - a ring of resist corrosion (left hand)
 h - a +4 ring of protection (right hand)
Scrolls
 d - 2 scrolls of identify {unknown}
 e - 3 scrolls of fog
 f - a scroll of fear {unknown}
 i - a scroll of noise {unknown}
 j - 3 scrolls of blinking {unknown}
Potions
 a - a potion of heal wounds {unknown}
 b - a potion of magic
 g - a potion of flight {unknown}
 l - a potion of attraction {unknown}
 m - a potion of berserk rage {unknown}
 n - a potion of brilliance {unknown}
 q - a potion of lignification {unknown}


   Skills:
 + Level 2.8 Fighting
 * Level 1.8 Armour
 - Level 1.7 Dodging
 - Level 1.7 Stealth
 + Level 3.3 Spellcasting
 + Level 1.2 Conjurations
 - Level 0.8 Transmutations
 + Level 3.8 Earth Magic


You had 5 spell levels left.
You knew the following spells:

 Your Spells              Type           Power      Damage    Failure   Level
a - Sandblast             Erth           32%        2d9       5%          1
b - Passwall              Tmut/Erth      9%         N/A       16%         2
c - Stone Arrow           Conj/Erth      24%        3d8       28%         3

Your spell library contained the following spells:

 Spells                   Type           Power      Damage    Failure   Level
 Scorch                   Fire           6%         2d5       36%         2
 Dazzling Flash           Conj/Hex       10%        N/A       52%         3
 Petrify                  Tmut/Erth      11%        N/A       69%         4
 Flame Wave               Conj/Fire      5%         2d5       90%         4
 Agony                    Necr           3%         N/A       100%        5
 Silence                  Hex/Air        1%         N/A       100%        5
 Summon Cactus Giant      Summ           1%         N/A       100%        6


Dungeon Overview and Level Annotations

Branches:
Dungeon (4/15) Zot: 20687
 Temple: D:4-7

Altars:
Cheibriados

Annotations:
D:4 Blork the orc


Innate Abilities, Weirdness & Mutations

Your movements are slightly less encumbered by armour. (ER -2)
A meltable shield of frost defends you. (SH +4)
You have a tail ending in a sharp stinger.


Message History

Press: ? - help, Shift-Dir - straight line, f/p - Blork the orc
Aim: Blork the orc, wielding a +0 halberd and wearing a +2 robe of resistance (heavily wounded, fast, strong, 84% to hit)
The blast of sand hits Blork the orc!
Blork the orc is almost dead.
Blork the orc screams, "I'm going to kill you!"
Blork the orc hits you from afar with a +0 halberd!
Blork the orc looks satisfied for a moment.
Unknown command.
Casting: Sandblast (safe; 5% risk of failure)
Confirm with . or Enter, or press ? or * to list all spells.
Aiming: Sandblast (safe; 5% risk of failure)
Press: ? - help, Shift-Dir - straight line, f/p - Blork the orc
Aim: Blork the orc, wielding a +0 halberd and wearing a +2 robe of resistance (severely wounded, fast, strong, 84% to hit)
The blast of sand hits Blork the orc but does no damage.
Blork the orc is severely wounded.
Blork the orc barely misses you. Blork the orc misses you.
Unknown command.
Casting: Sandblast (safe; 5% risk of failure)
Confirm with . or Enter, or press ? or * to list all spells.
Aiming: Sandblast (safe; 5% risk of failure)
Press: ? - help, Shift-Dir - straight line, f/p - Blork the orc
Aim: Blork the orc, wielding a +0 halberd and wearing a +2 robe of resistance (severely wounded, fast, strong, 84% to hit)
The blast of sand hits Blork the orc but does no damage.
Blork the orc is severely wounded.
Blork the orc hits you from afar with a +0 halberd!
* * * LOW HITPOINT WARNING * * *
You block Blork the orc's attack.
Unknown command.
Casting: Sandblast (safe; 5% risk of failure)
Confirm with . or Enter, or press ? or * to list all spells.
Aiming: Sandblast (safe; 5% risk of failure)
Press: ? - help, Shift-Dir - straight line, f/p - Blork the orc
Aim: Blork the orc, wielding a +0 halberd and wearing a +2 robe of resistance (severely wounded, fast, strong, 84% to hit)
The blast of sand hits Blork the orc but does no damage.
Blork the orc is severely wounded.
Blork the orc points at you and mumbles some strange words.
The puff of frost hits you but does no damage.
Blork the orc barely misses you.
Blork the orc hits you from afar with a +0 halberd!
You die...

#.......# +.......#
#.......# #.......#
##.......## #.........#
#.........# #..o.@....#
######.........##
.......#+###....#
.......+ #†...# .....#
#....+ ....#####....##+#
#########...............
#.......#...............
#...<...'...............


You could see Blork the orc (fast, strong).

Vanquished Creatures
  A necrophage (D:4)
  Jessica (D:3)
  A mummy (D:3)
  4 gnolls (D:2)
  5 adders
  3 dart slugs
  5 ball pythons
  11 bats
  8 endoplasms
  2 giant cockroaches
  9 goblins
  8 hobgoblins
  3 quokkas (D:3)
  4 frilled lizards
  5 kobolds
  9 rats
79 creatures vanquished.

Notes
Turn   | Place    | Note
-------+----------+-------------------------------------------
     0 | D:1      | protoss039 the Demonspawn Earth Elementalist began the
                  | quest for the Orb.
     0 | D:1      | Reached XP level 1. HP: 13/13 MP: 3/3
   207 | D:1      | Gained mutation: Your movements are slightly less
                  | encumbered by armour. (ER -2) [demonic ancestry]
   207 | D:1      | Reached XP level 2. HP: 20/20 MP: 1/5
   376 | D:1      | Reached skill level 1 in Fighting
   746 | D:1      | Gained mutation: You have a small tail. [demonic ancestry]
   746 | D:1      | Reached XP level 3. HP: 26/26 MP: 4/6
  1305 | D:2      | Learned a level 2 spell: Passwall
  1794 | D:2      | Gained mutation: You have a tail ending in a sharp stinger.
                  | [demonic ancestry]
  1794 | D:2      | Reached XP level 4. HP: 33/33 MP: 5/8
  2265 | D:2      | Learned a level 3 spell: Stone Arrow
  2524 | D:3      | Reached XP level 5. HP: 39/39 MP: 5/9
  2699 | D:3      | Noticed Jessica
  2700 | D:3      | Killed Jessica
  2701 | D:3      | Reached skill level 1 in Armour
  3039 | D:3      | Found a snail-covered altar of Cheibriados.
  3193 | D:4      | Reached skill level 1 in Conjurations
  3193 | D:4      | Gained mutation: A meltable shield of frost defends you.
                  | (SH +4) [demonic ancestry]
  3193 | D:4      | Reached XP level 6. HP: 40/46 MP: 5/11
  3238 | D:4      | Noticed Blork the orc
  3251 | D:4      | Slain by Blork the orc

Illustrated notes

Levels and vault maps discovered:
D:1:      scummos_arrival_simple_fountains, layout_loops_ring,
          reono_crystal_passage, hangedman_feature_mirror
D:2:      layout_basic
D:3:      layout_loops_ring, chei_slow_surprise, uniq_jessica
D:4:      kennysheep_six_static_rooms, layout_gridville, uniq_blork_the_orc

Skill      XL: |  1  2  3  4  5 |
---------------+----------------+-----
Fighting       | 1 2 |  2.8
Earth Magic    | 3 |  3.8
Spellcasting   | 3 |  3.3
Armour         | 1 |  1.8
Conjurations   | 1 |  1.2
Dodging        | |  1.7
Stealth        | |  1.7
Transmutations | |  0.8

Action                   |  1- 3 |  4- 6 || total
-------------------------+-------+-------++-------
Melee: Long sword        |     4 |       ||     4
       Short sword       |     8 |       ||     8
       Spear             |    22 |    11 ||    33
       Tailslap          |     4 |     1 ||     5
       Punch             |     2 |       ||     2
 Cast: Sandblast         |    63 |    54 ||   117
  Use: Scroll            |       |     1 ||     1
 Stab: Sleeping          |     2 |     1 ||     3
Armor: Robe              |     7 |       ||     7
       Leather armour    |    10 |     1 ||    11
       Ring mail         |       |     9 ||     9
Dodge: Dodged            |    35 |    22 ||    57
Block: Other             |       |     2 ||     2
